[Event "Early-Titled-Tuesday-Blitz-February-27-2024"]
[Site "Chess.com"]
[Date "2024.02.27"]
[Round "2"]
[White "PabloZarnicki"]
[Black "vugarrasulov"]
[Result "0-1"]
[WhiteElo "2630"]
[BlackElo "3005"]
[TimeControl "180+1"]
[EndTime "8:17:37 PST"]
[Termination "vugarrasulov won on time"]

1. e4 e5 2. Nf3 Nc6 3. Nc3 Nf6 4. d4 exd4 5. Nxd4 d6 6. Bb5 Bd7 7. Bxc6 bxc6 8. O-O Be7 9. Qf3 O-O 10. e5 dxe5 11. Nxc6 Bxc6 12. Qxc6 h6 13. Rd1 Qc8 14. b3 a5 15. Be3 Ra6 16. Qc4 Qb7 17. Nd5 Nxd5 18.
Qxd5 Qxd5 19. Rxd5 a4 20. Rad1 axb3 21. axb3 Rc6 22. c4 f6 23. g3 Kf7 24. Ra1 Rb8 25. Rb5 Rxb5 26. cxb5 Rc3 27. Ra7 Ke6 28. Rb7 Rxb3 29. Rxc7 Rxb5 30. Kg2 h5 31. h4 g6 32. Rc6+ Kf5 33. Rc7 Bb4 34. Rc6 Rd5 35. Rb6 Bd6 36.
Rb7 e4 37. Rd7 Rd3 38. Rd8 Be5 39. Re8 Rb3 40. Ra8 Rd3 41. Ra4 Rd5 42. Rc4 g5 43. hxg5 fxg5 44. Rc8 g4 45. Rg8 Bf6 46. Rf8 Rd7 47.
Bc1 Kg6 48. Re8 Re7 49. Ra8 Bd4 50. Ra6+ Kf5 51. Ra5+ Re5 52. Rxe5+ Kxe5 53. Bh6 Kd5 54. Bg5 Kc4 55. Bf4 Kd3 56. Bg5 Ke2 0-1

[Event "Early-Titled-Tuesday-Blitz-February-27-2024"]
[Site "Chess.com"]
[Date "2024.02.27"]
[Round "2"]
[White "VinzentSpitzl"]
[Black "arnash_bauyrzhan"]
[Result "1-0"]
[WhiteElo "2537"]
[BlackElo "2307"]
[TimeControl "180+1"]
[EndTime "8:17:37 PST"]
[Termination "VinzentSpitzl won on time"]

1. e4 c5 2. Nf3 e6 3. d4 cxd4 4. Nxd4 a6 5. Bd3 Nf6 6. O-O Qc7 7. c4 d6 8. Qe2 Be7 9. Nc3 Nc6 10. Be3 Ne5 11. Rac1 O-O 12. Bb1 Re8 13. f3 Qxc4 14.
Qd2 Qb4 15. a3 Qa5 16. b4 Qd8 17. Ba2 Bd7 18. Kh1 Rc8 19. Qe2 b5 20. a4 Nc4 21.
Bg1 e5 22. Nf5 Bxf5 23. exf5 d5 24. axb5 axb5 25. Nxb5 Bxb4 26. Bxc4 dxc4 27. Rxc4 Rxc4 28. Qxc4 Qd2 29. Rc1 Nh5 30. Nc7 Rc8 31. Rc2 Qe1 32.
Rc1 Qd2 33. Rc2 Qh6 34. Bf2 Qd6 35. Qc6 Qd1+ 36. Bg1 Nf4 37. Rc1 Qd2 38. Qc2 1-0

[Event "Early-Titled-Tuesday-Blitz-February-27-2024"]
[Site "Chess.com"]
[Date "2024.02.27"]
[Round "2"]
[White "MasterKroket"]
[Black "HittingRookBottom"]
[Result "1-0"]
[WhiteElo "2451"]
[BlackElo "2004"]
[TimeControl "180+1"]
[EndTime "8:17:37 PST"]
[Termination "MasterKroket won by checkmate"]

1. e4 c6 2. d4 d5 3. e5 Bf5 4. Nf3 e6 5. Be2 c5 6. c4 Nd7 7. cxd5 exd5 8. Nc3 cxd4 9. Qxd4 Bc5 10. Qxd5 Ne7 11. Qd2 O-O 12. O-O Rc8 13. Rd1 Qb6 14. Na4 Bxf2+ 15. Kf1 Qc6 16. Kxf2 Qxa4 17. b3 Qc6 18. Bb2 Rfd8 19. Rac1 Qb6+ 20. Qe3 Qxe3+ 21. Kxe3 Nb6 22. Rxd8+ Rxd8 23. Nd4 Ned5+ 24. Kf2 Bg6 25. a4 Nd7 26. Nb5 N7b6 27. Nxa7 Nf4 28. Bc3 Nbd5 29. Ba5 Re8 30. Rc8 Rxc8 31. Nxc8 Nd3+ 32. Bxd3 Bxd3 33.
Nd6 b6 34. Bd2 Bc2 35. a5 bxa5 36. Bxa5 Bxb3 37. Bd2 Kf8 38. Be3 Ke7 39. Bd4 Ke6 40. Ne4 f5 41. Nc5+ Kf7 42. Nxb3 Ke6 43. Nc5+ Kf7 44.
g3 g6 45. Nd3 Ne7 46. Nf4 Nc6 47. Bc3 Ke7 48. h4 Kf7 49. Ke3 h6 50. h5 g5 51. Nd5 Ke6 52. Nc7+ Ke7 53. Nb5 Ke6 54. Nd4+ Nxd4 55. Bxd4 Kd5 56. Bb2 Ke6 57. Kd4 Kf7 58. Kd5 Ke7 59. Bd4 Kf7 60. e6+ Ke7 61. Ke5 f4 62. gxf4 gxf4 63. Bc5+ Ke8 64. Kxf4 Kd8 65. Kf5 Ke8 66. Kg6 Kd8 67. Kxh6 Ke8 68. Kg7 Kd8 69. h6 Ke8 70. h7 Kd8 71. h8=Q+ Kc7 72. Qh2+ Kc6 73. Qd6+ Kb5 74. Be3 Kc4 75. Qd4+ Kb5 76. Qc5+ Ka4 77. Qb6 Ka3 78. Bc5+ Ka2 79. Bd4 Ka3 80. Qb5 Ka2 81. Qb2# 1-0

[Event "Early-Titled-Tuesday-Blitz-February-27-2024"]
[Site "Chess.com"]
[Date "2024.02.27"]
[Round "2"]
[White "Leebit02"]
[Black "joshdaruca"]
[Result "0-1"]
[WhiteElo "2543"]
[BlackElo "2779"]
[TimeControl "180+1"]
[EndTime "8:17:38 PST"]
[Termination "joshdaruca won by resignation"]

1. e4 e6 2. d4 d5 3. Nd2 a6 4. Ngf3 c5 5. dxc5 Bxc5 6. Bd3 Nc6 7. O-O Nf6 8. e5 Nd7 9. Nb3 Be7 10. Qe2 Nb4 11.
Re1 Nxd3 12. cxd3 Nb8 13. Bf4 Bd7 14. a4 Nc6 15. Qe3 Na5 16. Nbd2 Rc8 17. Bg5 Bxg5 18. Nxg5 h6 19. Ngf3 O-O 20. b4 Nc6 21. Reb1 Ne7 22.
Nd4 Rc3 23. N2b3 b6 24. Qd2 Qc7 25. a5 bxa5 26. Nxa5 Rc8 27. Nab3 Qxe5 28. g3 Bb5 29. Nf3 Qf6 30. Ne1 Ng6 31. Nc5 Ne5 32. Kg2 d4 33.
Ne4 Bc6 34. f3 Bxe4 35. fxe4 Nxd3 36. Nxd3 Rc2 37. Rb2 Rxd2+ 38. Rxd2 Qg5 39. Rad1 Qe3 40. Nf2 Rc4 41. Rd3 Qg5 42. Rxd4 Rxd4 43. Rxd4 Qb5 44. Kf3 e5 45. Rd6 h5 46. Nd3 f6 47. Ke3 Kh7 48. Rd5 Qb6+ 49. Ke2 Qe6 50. Ra5 Qh3 51. Rxa6 Qxh2+ 52.
Ke3 Qxg3+ 53. Kd2 Qg2+ 54. Kc3 Qxe4 55. Ra2 Qd4+ 56. Kc2 Qc4+ 0-1

[Event "Early-Titled-Tuesday-Blitz-February-27-2024"]
[Site "Chess.com"]
[Date "2024.02.27"]
[Round "2"]
[White "WilsonPalencia21"]
[Black "Zampronha1971"]
[Result "1-0"]
[WhiteElo "2559"]
[BlackElo "2346"]
[TimeControl "180+1"]
[EndTime "8:17:38 PST"]
[Termination "WilsonPalencia21 won on time"]

1. d4 Nf6 2. c4 c5 3. d5 e6 4.
Nf3 exd5 5. cxd5 d6 6. g3 g6 7. Bg2 Bg7 8. O-O O-O 9. Nc3 a6 10. a4 Re8 11. Nd2 Nbd7 12. Nc4 Nb6 13. Na3 Rb8 14. h3 Na8 15. e4 Nc7 16. a5 b5 17.
axb6 Rxb6 18. Nc4 Rb8 19. Bf4 Bf8 20. Na5 Bd7 21. Qc2 Nb5 22. Nxb5 axb5 23. Rfe1 Ra8 24. Nc6 Bxc6 25. dxc6 Rxa1 26. Rxa1 Qb6 27. b4 Rc8 28. bxc5 dxc5 29. e5 Nh5 30. Be3 Ng7 31. f4 Ne6 32. Qe4 b4 33. Qc4 Nd4 34. Bxd4 cxd4 35. Rb1 d3+ 36. Kh2 d2 37. Qd3 Qf2 38. Rd1 g5 39.
Rxd2 Qe1 40. Re2 Qc1 41. Qf5 gxf4 42. Qxc8 fxg3+ 43. Kxg3 Qg5+ 44. Qg4 1-0

[Event "Early-Titled-Tuesday-Blitz-February-27-2024"]
[Site "Chess.com"]
[Date "2024.02.27"]
[Round "2"]
[White "Agent-JL"]
[Black "Anton_Demchenko"]
[Result "0-1"]
[WhiteElo "2605"]
[BlackElo "2908"]
[TimeControl "180+1"]
[EndTime "8:17:39 PST"]
[Termination "Anton_Demchenko won by resignation"]

1. d4 Nf6 2. Nf3 g6 3. c4 Bg7 4. Nc3 O-O 5. e4 d6 6. Be2 Nbd7 7. O-O e5 8. Be3 c6 9. Qc2 Ng4 10. Bg5 f6 11. Bh4 Qe8 12. dxe5 dxe5 13. b4 h5 14. h3 Nh6 15. c5 Nf7 16. Nd2 Kh7 17. Nc4 Rg8 18.
Rad1 Nf8 19. Nd6 Nxd6 20. Rxd6 Be6 21. Qd1 Qf7 22. g4 g5 23. Bg3 h4 24. Bh2 Ng6 25. Qc2 Bf8 26. Rd2 a5 27. a3 axb4 28. axb4 Be7 29. Rfd1 Rgd8 30. Rxd8 Rxd8 31. Rxd8 Bxd8 32. f3 b6 33. Qd3 Qe7 34. Qd6 Qxd6 35. cxd6 Kg8 36.
Kf2 Kf7 37. Ke3 Ke8 38. Bg1 Kd7 39. Kd2 Kxd6 40. Na4 Nf4 41. Bf1 b5 42. Nc5 Bc4 43. Nb7+ Kc7 44. Nxd8 Kxd8 45. Bxc4 bxc4 46. Kc3 Nxh3 47.
Bh2 Nf4 48. Kxc4 Ne6 49. Bg1 Nd4 50. Bxd4 exd4 51. Kxd4 h3 52. f4 h2 53. fxg5 fxg5 0-1

[Event "Early-Titled-Tuesday-Blitz-February-27-2024"]
[Site "Chess.com"]
[Date "2024.02.27"]
[Round "2"]
[White "sotochess"]
[Black "ChessLover0108"]
[Result "0-1"]
[WhiteElo "2628"]
[BlackElo "2963"]
[TimeControl "180+1"]
[EndTime "8:17:40 PST"]
[Termination "ChessLover0108 won by resignation"]

1. e4 c5 2. Nf3 d6 3. d4 cxd4 4.
Nxd4 Nf6 5. f3 Nc6 6. c4 e6 7.
Nc3 Be7 8. Be3 O-O 9. Qd2 d5 10.
cxd5 exd5 11. Nxc6 bxc6 12. exd5 cxd5 13. Be2 Re8 14.
O-O Be6 15. Bb5 Rf8 16. Rfd1 h6 17. Bc6 Rc8 18. Bxd5 Rxc3 19. Bxe6 Rxe3 20. Qxe3 Qa5 21. Kh1 Bc5 22. Qb3 fxe6 23. Qxe6+ Kh8 24. a3 Bb6 25. Rac1 Nh5 26. Rc8 Ng3+ 27. hxg3 Qh5+ 28. Qh3 Qxh3+ 29. gxh3 Rxc8 30. Rd2 Kg8 31. Kg2 Kf7 32. h4 Ke6 33. h5 Ke5 34. Kh3 Bd4 35. Kg4 Rc4 36. f4+ Ke4 37. b4 Rc3 38. Re2+ Kd3 39. Ra2 Kc4 40. Kf5 Rxg3 41. Rc2+ Kd5 42. a4 Ra3 43. a5 Rb3 0-1

[Event "Early-Titled-Tuesday-Blitz-February-27-2024"]
[Site "Chess.com"]
[Date "2024.02.27"]
[Round "2"]
[White "bolwin"]
[Black "losersgame"]
[Result "0-1"]
[WhiteElo "2253"]
[BlackElo "2518"]
[TimeControl "180+1"]
[EndTime "8:17:40 PST"]
[Termination "losersgame won by resignation"]

1. Nf3 Nc6 2. c4 e5 3. Nc3 f5 4. d3 Nf6 5. g3 Bc5 6. Bg2 d6 7. O-O a6 8. a3 Ba7 9. b4 O-O 10. e3 Qe8 11. d4 e4 12. Nd2 Ne7 13. d5 Ng6 14. Nb3 Ne5 15. c5 Bd7 16. Qe2 Kh8 17. Bb2 Nd3 18. Rfd1 dxc5 19. bxc5 Nxc5 20. Nxc5 Bxc5 21.
Rac1 Ng4 22. h3 Ne5 23. Nxe4 fxe4 24. Rxc5 Nf3+ 25. Kf1 Bb5 26. Rxb5 Qxb5 27. Rc1 Rf7 28. h4 Raf8 29. Rc2 Nd2+ 30. Ke1 Qxe2+ 31. Kxe2 Rxf2+ 32. Ke1 Rxg2 33. Rxd2 Rxd2 34. Kxd2 Rf2+ 35. Kc1 Rf3 36. Be5 Rxe3 37. Bxc7 Rd3 38. d6 Kg8 39. Kc2 Kf7 40.
g4 Ke6 41. h5 Kd7 42. g5 Rg3 43. g6 hxg6 44. hxg6 Rxg6 45. Kd2 Rxd6+ 46. Ke3 Kxc7 47. Kxe4 b5 48. Ke5 a5 0-1

[Event "Early-Titled-Tuesday-Blitz-February-27-2024"]
[Site "Chess.com"]
[Date "2024.02.27"]
[Round "2"]
[White "vi_pranav"]
[Black "vladgoncharov"]
[Result "1-0"]
[WhiteElo "3107"]
[BlackElo "2656"]
[TimeControl "180+1"]
[EndTime "8:17:41 PST"]
[Termination "vi_pranav won on time"]

1. d4 Nf6 2. Nc3 d5 3. Bf4 c6 4.
e3 Bf5 5. f3 Bg6 6. g4 e6 7. h4 h5 8. g5 Nfd7 9. Bd3 Bxd3 10.
Qxd3 Qa5 11. Ne2 g6 12. a3 Qa6 13. Qd2 c5 14. a4 Qc6 15. Nb5 Na6 16. O-O Be7 17. c3 Kf8 18. Bg3 Kg7 19. Nf4 Rhd8 20.
Nd3 c4 21. Nf4 Nf8 22. Qe2 Kg8 23. e4 Re8 24. Rfe1 b6 25. Qg2 Qd7 26. exd5 exd5 27. Re5 Rac8 28. Nxd5 Bd8 29. Qe2 Rxe5 30. Qxe5 Nb8 31.
Nf6+ Bxf6 32. Qxf6 Nh7 33. Qd6 Qf5 34. Qf4 Qc2 35. Qc1 Qf5 36. Qe3 Nc6 37. Nd6 Qh3 38. Qf2 Rd8 39. Re1 Nf8 40. d5 Na5 41. Ne4 Nh7 42.
d6 Qf5 43. Kg2 1-0

[Event "Early-Titled-Tuesday-Blitz-February-27-2024"]
[Site "Chess.com"]
[Date "2024.02.27"]
[Round "2"]
[White "arenal72"]
[Black "Jumbo"]
[Result "0-1"]
[WhiteElo "2586"]
[BlackElo "2864"]
[TimeControl "180+1"]
[EndTime "8:17:41 PST"]
[Termination "Jumbo won on time"]

1. Nf3 c5 2. e4 d6 3. c3 Nf6 4. h3 g6 5. Bd3 Bg7 6. Bc2 O-O 7. d4 Qb6 8. O-O Bd7 9. d5 e6 10. a4 exd5 11. exd5 Re8 12. Na3 Nh5 13. Nc4 Qc7 14. Re1 Rxe1+ 15. Qxe1 b5 16. axb5 Bxb5 17. Na3 Ba6 18.
Qe8+ Bf8 19. Nb5 Qb6 20. Bh6 Ng7 21. Bxg7 Kxg7 22. Bd3 h6 23. Kh2 Bb7 24. Qe4 Nd7 25. c4 Nf6 26. Qf4 a6 27. Nc3 Re8 28. Rb1 Bc8 29.
Nd2 Qd8 30. Nde4 Nh5 31. Qf3 Be7 32. b4 cxb4 33. Rxb4 Nf6 34. Ra4 Nd7 35. Ra1 Ne5 36. Qd1 f5 37. Ng3 Bf6 38. f4 Ng4+ 39. hxg4 Bxc3 40.
Rc1 Qh4+ 41. Kg1 Bd4+ 42. Kf1 Qxg3 0-1

[Event "Early-Titled-Tuesday-Blitz-February-27-2024"]
[Site "Chess.com"]
[Date "2024.02.27"]
[Round "2"]
[White "ArtemDyachuk"]
[Black "ridnani1"]
[Result "0-1"]
[WhiteElo "2690"]
[BlackElo "2405"]
[TimeControl "180+1"]
[EndTime "8:17:41 PST"]
[Termination "ridnani1 won on time"]

1. d4 Nf6 2. Nf3 g6 3. Bf4 Bg7 4. e3 O-O 5. h3 d6 6. Bh2 Nbd7 7. Nbd2 b6 8. Be2 Bb7 9. O-O c5 10. a4 Ne4 11. c3 Ndf6 12. a5 Nxd2 13. Nxd2 Ne4 14. Nxe4 Bxe4 15. Bf3 Bxf3 16. Qxf3 b5 17. dxc5 dxc5 18. Rfd1 Qc8 19. a6 b4 20. Qb7 bxc3 21.
bxc3 Bxc3 22. Rac1 Ba5 23. Qxe7 Qxa6 24. Rd6 Qc8 25. Rxc5 Qxc5 26. Rxg6+ hxg6 27. Qxc5 Rfc8 28. Qa3 Bb4 29. Qb2 a5 30. Bf4 Bf8 31. h4 a4 32.
h5 a3 33. Qa2 Ra6 34. h6 Ra7 35. g4 Rc5 36. Kg2 Rb5 37. Qa1 a2 38. Be5 Rxe5 39. g5 Rxg5+ 40. Kf3 Rb5 41. h7+ Kxh7 42. Qh1+ Kg8 43.
Qf1 a1=Q 44. Qxb5 Qf6+ 45. Kg2 Re7 0-1

[Event "Early-Titled-Tuesday-Blitz-February-27-2024"]
[Site "Chess.com"]
[Date "2024.02.27"]
[Round "2"]
[White "Slovineanu"]
[Black "abeljusto"]
[Result "1-0"]
[WhiteElo "2464"]
[BlackElo "2095"]
[TimeControl "180+1"]
[EndTime "8:17:41 PST"]
[Termination "Slovineanu won on time"]

1. d4 Nf6 2. Nf3 e6 3. c4 d5 4.
e3 a6 5. b3 c5 6. Bd3 cxd4 7.
exd4 Bb4+ 8. Nbd2 O-O 9. Bb2 Ne4 10. O-O Nxd2 11. Nxd2 Nc6 12. Nf3 b6 13. Rc1 Bb7 14. a3 Be7 15. c5 bxc5 16. dxc5 Bf6 17.
Qe2 Re8 18. Ne5 Nxe5 19. Bxe5 Bxe5 20. Qxe5 f6 21. Qh5 f5 22. Rfe1 Bc6 23. b4 g6 24.
Qh6 Qf6 25. h4 e5 26. h5 e4 27. Bf1 Ra7 28. hxg6 hxg6 29. Re3 Rh7 30. Qf4 g5 31. Rg3 Rg7 32. Qd6 Re6 33. Qb8+ Re8 34. Qb6 Re6 35.
Bxa6 f4 36. Rg4 Bd7 37. Qb8+ Re8 38. Qd6 Qxd6 39. cxd6 Bxg4 40. Bb5 Rd8 41. d7 Bxd7 42. Be2 Be6 43. b5 d4 44. Bc4 1-0

[Event "Early-Titled-Tuesday-Blitz-February-27-2024"]
[Site "Chess.com"]
[Date "2024.02.27"]
[Round "2"]
[White "sorch29"]
[Black "wannabe2700"]
[Result "0-1"]
[WhiteElo "2426"]
[BlackElo "2722"]
[TimeControl "180+1"]
[EndTime "8:17:42 PST"]
[Termination "wannabe2700 won by checkmate"]

1. c4 f5 2. Nc3 Nf6 3. g3 g6 4. Bg2 Bg7 5. d3 O-O 6. e4 d6 7. Nge2 e5 8. O-O Nc6 9. Nd5 Nh5 10. exf5 Bxf5 11. h3 Nf6 12. g4 Bd7 13. Bg5 Ne7 14.
Nxe7+ Qxe7 15. Bxb7 Rab8 16. Bd5+ Kh8 17. Rb1 h6 18.
Bxf6 Qxf6 19. f4 Qh4 20. Bg2 exf4 21. Nxf4 Kh7 22. d4 Rbe8 23. Qd3 Qg5 24. Nd5 c6 25. Nc3 Re3 26. Qd2 Rfe8 27. Rbd1 h5 28. Ne4 R8xe4 29.
Bxe4 hxg4 30. h4 Rg3+ 31. Bg2 Qxh4 32. Qf4 d5 33. cxd5 cxd5 34. Rfe1 Bf5 35. Kf1 Be4 36. Rxe4 dxe4 37. Qxe4 Qg5 38. b3 Re3 39. Qd5 Qf4+ 40. Kg1 Re2 41. Rf1 Qxd4+ 42. Kh1 Qe3 43. Qc6 Qh6+ 44. Kg1 Bd4+ 45. Rf2 Bxf2+ 46. Kf1 Re1+ 47. Kxf2 Qe3# 0-1

[Event "Early-Titled-Tuesday-Blitz-February-27-2024"]
[Site "Chess.com"]
[Date "2024.02.27"]
[Round "2"]
[White "Rawnsdale"]
[Black "urano56"]
[Result "0-1"]
[WhiteElo "2518"]
[BlackElo "2318"]
[TimeControl "180+1"]
[EndTime "8:17:43 PST"]
[Termination "urano56 won by resignation"]

1. e4 c5 2. Nf3 d6 3. d4 cxd4 4. Nxd4 Nf6 5. Nc3 a6 6. Rg1 h5 7.
Bg5 Nbd7 8. Qd2 Qc7 9. O-O-O e6 10.
Kb1 Be7 11. f4 b5 12. Bd3 Bb7 13. f5 Nc5 14. fxe6 fxe6 15. e5 dxe5 16. Bg6+ Kf8 17.
Nf3 Bxf3 18. gxf3 Rd8 19. Qf2 Rc8 20. Ne4 Na4 21. Rd2 Nd5 22. Bxe7+ Qxe7 23. Qg3 Nf4 24. Rgd1 Rh6 25. Nd6 Rd8 26. Be4 h4 27. Qg4 Kg8 28.
Nf5 Rxd2 29. Nxh6+ Kf8 30. Rxd2 gxh6 31. Rd1 Qb4 32. b3 Nc3+ 33. Kc1 Nfe2+ 34. Kd2 Qd4+ 35. Ke1 Qxd1+ 36. Kf2 Nxe4+ 37. fxe4 Nc3 38. Qxh4 Qxc2+ 39. Kg3 Qd3+ 40. Kg2 Qxe4+ 41. Qxe4 Nxe4 42. Kf3 Nc3 43. h3 Nxa2 44. Ke4 Nb4 45. Kxe5 Ke7 46. h4 Nc6+ 47.
Ke4 Na5 48. h5 Nxb3 0-1

[Event "Early-Titled-Tuesday-Blitz-February-27-2024"]
[Site "Chess.com"]
[Date "2024.02.27"]
[Round "2"]
[White "Kiborg95"]
[Black "bipe137"]
[Result "0-1"]
[WhiteElo "2798"]
[BlackElo "2574"]
[TimeControl "180+1"]
[EndTime "8:17:45 PST"]
[Termination "bipe137 won by resignation"]

1. e4 c5 2. Nc3 e6 3. Nf3 Nc6 4. d4 cxd4 5. Nxd4 Nf6 6. Ndb5 d6 7. Bf4 e5 8. Bg5 a6 9. Na3 Be6 10. Nc4 Rb8 11. Ne3 Be7 12. Bxf6 Bxf6 13. Ncd5 Bg5 14. c3 O-O 15. h4 Bxe3 16. Nxe3 Ne7 17. c4 Nc6 18.
Bd3 Rc8 19. g3 Nd4 20. O-O f6 21. b3 g6 22. f4 Bf7 23. Rf2 Kg7 24. Qd2 b5 25.
Raf1 Qe7 26. Qb4 Nc6 27. Qa3 exf4 28. Rxf4 Be6 29. cxb5 axb5 30. Bxb5 Nd4 31. Bd3 Rc3 32. Rd1 Rfc8 33. Kg2 Bf7 34. Qb2 g5 35. hxg5 fxg5 36.
Rf2 Kg8 37. Bb1 Rxe3 38. Qxd4 Rcc3 39. Qxd6 Qxd6 40. Rxd6 Rxg3+ 41. Kf1 Rc1+ 42. Ke2 Rxb1 43. Rd8+ Kg7 44. Rd7 Rb2+ 45. Kf1 Rxf2+ 46. Kxf2 Rc3 47. e5 Rc2+ 48. Ke3 Kf8 49. Ra7 h5 50. Kd3 Rf2 51.
a4 h4 52. a5 h3 53. a6 h2 54.
Ra8+ Kg7 55. a7 h1=Q 0-1

[Event "Early-Titled-Tuesday-Blitz-February-27-2024"]
[Site "Chess.com"]
[Date "2024.02.27"]
[Round "2"]
[White "thebeast2900"]
[Black "chess94cu"]
[Result "0-1"]
[WhiteElo "2310"]
[BlackElo "2693"]
[TimeControl "180+1"]
[EndTime "8:17:46 PST"]
[Termination "chess94cu won on time"]

1. e4 d6 2. d4 Nf6 3. Nc3 Nbd7 4. h3 e5 5. Nge2 c6 6. g4 g6 7. Bg2 b5 8. a3 a5 9. O-O Rb8 10. Ng3 Bg7 11. Nce2 h5 12. g5 Ng8 13. c3 h4 14.
Nh1 Ne7 15. f4 exf4 16. Bxf4 Nb6 17. Nf2 Be6 18. Nd3 Qd7 19. Kh2 a4 20. Qe1 Nc4 21. Qf2 Rc8 22. Rae1 Na5 23. Nb4 Nb3 24. d5 cxd5 25.
exd5 Bf5 26. Nd4 O-O 27. Rxe7 Bxd4 28. Rxd7 Bxf2 29. Rxd6 Bc5 30. Rc6 Bd7 31. Rxc5 Nxc5 32. Bd6 Rfe8 33. Nc6 Bxc6 34. dxc6 Ne4 35. Bxe4 Rxe4 36.
c7 Re2+ 37. Kg1 Re6 38. Bh2 Kf8 39. Rd1 Ke8 40. Rd5 Re1+ 41. Kf2 Rc1 42. Rxb5 Rc2+ 43. Kg1 Kd7 44. Rd5+ Kc6 45. Rd8 Kb7 0-1

[Event "Early-Titled-Tuesday-Blitz-February-27-2024"]
[Site "Chess.com"]
[Date "2024.02.27"]
[Round "2"]
[White "viktorskliarov"]
[Black "Rikikits"]
[Result "1/2-1/2"]
[WhiteElo "2585"]
[BlackElo "2838"]
[TimeControl "180+1"]
[EndTime "8:17:47 PST"]
[Termination "Game drawn by repetition"]

1. e4 e5 2. Nc3 Nc6 3. Bc4 Bc5 4. Qg4 Bf8 5. Qf3 Nf6 6. Nge2 g6 7. d3 Bg7 8. Bg5 h6 9. Bxf6 Qxf6 10. Qxf6 Bxf6 11.
Nd5 Bd8 12. a3 Ne7 13. Nxe7 Kxe7 14. f4 d6 15. Rf1 f6 16. d4 Be6 17. Bxe6 Kxe6 18.
f5+ gxf5 19. d5+ Kd7 20. Rxf5 c6 21. O-O-O cxd5 22. Rxd5 Ke6 23. g4 Be7 24. Ng3 Rac8 25.
Kd2 Rc4 26. Kd3 Rhc8 27. c3 R4c5 28. Rxc5 dxc5 29. Rh5 c4+ 30. Kc2 Rh8 31. Nf5 Bf8 32.
Ne3 b5 33. Nd5 Bd6 34. Rf5 Rf8 35. Rh5 Rh8 36. Rf5 Rf8 37. h3 Rf7 38. Rf1 Bc5 39.
a4 a6 40. axb5 axb5 41. Ra1 h5 42. Ra6+ Bd6 43. gxh5 Rh7 44. Nxf6 Kxf6 45. Rxd6+ Kg5 46. Rg6+ Kf4 47. Rg4+ Ke3 48. Rh4 Rh6 49. Kc1 Kf3 50. Kc2 Kg3 51. Rg4+ Kf3 52. Rh4 Kg3 53. Rg4+ Kf3 54.
Rh4 1/2-1/2

[Event "Early-Titled-Tuesday-Blitz-February-27-2024"]
[Site "Chess.com"]
[Date "2024.02.27"]
[Round "2"]
[White "ahkashefi2800"]
[Black "Sokoloco"]
[Result "1-0"]
[WhiteElo "2573"]
[BlackElo "2786"]
[TimeControl "180+1"]
[EndTime "8:17:47 PST"]
[Termination "ahkashefi2800 won by resignation"]

1. Nf3 g6 2. g3 Bg7 3. Bg2 b6 4. O-O Bb7 5. d4 e6 6. b3 Nf6 7. Bb2 O-O 8. c4 d5 9. Nbd2 Nbd7 10. e3 c5 11. Rc1 Rc8 12. a3 cxd4 13. Nxd4 Nc5 14.
Qe2 e5 15. Nb5 a6 16. Nc3 d4 17. exd4 exd4 18. Nd5 Nxd5 19. cxd5 Bxd5 20. b4 Bxg2 21.
Kxg2 Qd5+ 22. Qf3 Qxf3+ 23. Nxf3 Nb3 24. Rcd1 Rc2 25. Bxd4 Nxd4 26. Nxd4 Ra2 27. Nc6 Rxa3 28. Rd6 Re8 29. Rfd1 Bf8 30. Rd8 Rxd8 31. Rxd8 Kg7 32. Rd7 Rc3 33. Nd8 Bxb4 34. Rxf7+ Kg8 35. Rb7 b5 36. Ne6 Rc8 37. Rg7+ Kh8 38. Ra7 a5 39. Ng5 h6 40. Ne4 Re8 41. f3 a4 42.
h4 a3 43. Nf6 Re7 44. Ra8+ Kg7 45. Nd5 Re2+ 46. Kh3 Bc5 47. Nc3 Rc2 48. Nxb5 a2 49. Nc7 Bd6 50. Ne8+ Kf7 51. Nxd6+ Ke6 52. Nb5 Kd5 53.
Rxa2 Rxa2 54. Nc3+ Kc4 55. Nxa2 1-0

[Event "Early-Titled-Tuesday-Blitz-February-27-2024"]
[Site "Chess.com"]
[Date "2024.02.27"]
[Round "2"]
[White "MarijaKuznecova"]
[Black "Goryachkina"]
[Result "1/2-1/2"]
[WhiteElo "2338"]
[BlackElo "2694"]
[TimeControl "180+1"]
[EndTime "8:17:48 PST"]
[Termination "Game drawn by agreement"]

1. e4 c5 2. Nf3 e6 3. d4 cxd4 4. Nxd4 Nf6 5. Nc3 Nc6 6. Ndb5 d6 7. Bf4 e5 8. Bg5 a6 9. Na3 b5 10.
Nd5 Be7 11. Bxf6 Bxf6 12. c3 Rb8 13. Nc2 Bg5 14. a4 bxa4 15. Ncb4 Nxb4 16. cxb4 O-O 17.
Rxa4 a5 18. h4 Bh6 19. b5 Bd7 20. Nc3 d5 21. exd5 f5 22. Be2 e4 23. Qd4 Rc8 24. d6 Kh8 25. O-O Qxh4 26. Nd5 Be6 27. Ra3 Rcd8 28.
Rh3 Qg5 29. Rg3 Qh4 30. Rh3 Qg5 31. Rg3 Qd2 32. Qxd2 Bxd2 33. Rd1 Rxd6 34. Rxd2 Rxd5 35. Rxd5 Bxd5 36. Ra3 Rb8 37. Rxa5 g6 38. f3 exf3 39. gxf3 Kg7 40. f4 Be4 41. Kf2 h6 42. Ra7+ Kh8 43.
Ke3 g5 44. fxg5 hxg5 45. Kd4 g4 46. Bxg4 fxg4 47. Kxe4 Rxb5 48. Kf4 Rxb2 49. Kg3 Rb3+ 50. Kxg4 Rb4+ 51. Kg5 1/2-1/2

[Event "Early-Titled-Tuesday-Blitz-February-27-2024"]
[Site "Chess.com"]
[Date "2024.02.27"]
[Round "2"]
[White "HajiyevKanan"]
[Black "AlexandraSamaganova"]
[Result "1-0"]
[WhiteElo "2525"]
[BlackElo "2289"]
[TimeControl "180+1"]
[EndTime "8:17:48 PST"]
[Termination "HajiyevKanan won by checkmate"]

1. d4 Nf6 2. Nf3 e6 3. c4 b6 4.
Nc3 Bb7 5. a3 Be7 6. Qc2 O-O 7.
e4 d6 8. Bd3 h6 9. Rg1 c5 10.
d5 e5 11. g4 Nh7 12. Be3 Nd7 13. Qd2 Ng5 14. Nxg5 Bxg5 15. O-O-O Bxe3 16. Qxe3 Qg5 17. Qxg5 hxg5 18. Rh1 g6 19. Nb5 Nf6 20. Nxd6 Ba6 21. f3 Rfd8 22. Nb5 Bxb5 23. cxb5 Ne8 24. Bc4 Nd6 25. b3 a6 26. bxa6 b5 27. Be2 Rxa6 28. Kb2 Rda8 29. a4 c4 30. Ra1 bxa4 31. bxc4 Rb8+ 32.
Kc2 Rc8 33. Kc3 Nb5+ 34. Kd3 Nd4 35. Rhb1 a3 36. Bd1 Kg7 37. Ra2 Ra5 38. Rb4 Rh8 39. Kc3 Rh3 40. Kd3 Nxf3 41. Bxf3 Rxf3+ 42. Ke2 Rf4 43. Ke3 Rxg4 44. d6 Ra7 45. c5 Kf6 46. c6 Ke6 47. c7 Ra8 48. Rb8 Ra4 49. c8=Q+ Kf6 50. Qd8+ Kg7 51. Qh8# 1-0

[Event "Early-Titled-Tuesday-Blitz-February-27-2024"]
[Site "Chess.com"]
[Date "2024.02.27"]
[Round "2"]
[White "krzyzan94"]
[Black "sathvikadiga"]
[Result "1-0"]
[WhiteElo "2795"]
[BlackElo "2551"]
[TimeControl "180+1"]
[EndTime "8:17:49 PST"]
[Termination "krzyzan94 won by checkmate"]

1. Nf3 Nf6 2. g3 g6 3. Bg2 Bg7 4. O-O O-O 5. c4 d6 6. d4 Nc6 7. Nc3 e5 8. dxe5 dxe5 9. Bg5 h6 10. Qxd8 Rxd8 11. Be3 Be6 12. Nd2 Ng4 13. Nd5 Nxe3 14. fxe3 Rac8 15. Ne4 b6 16. Nef6+ Kh8 17. Rad1 Rd6 18.
Rd3 Bf5 19. e4 Be6 20. e3 Rcd8 21. c5 bxc5 22. Rc3 Nb4 23. Rxc5 Nxd5 24. Nxd5 c6 25. Nb4 Rb8 26. a3 Rd2 27. Rfc1 Rxb2 28. Nxc6 R8b3 29. Nd8 Rxe3 30. Nxe6 fxe6 31. Rc8+ Kh7 32. Bf1 Rxe4 33. R8c7 h5 34. Rxa7 Kh6 35. Rcc7 Bf8 36. h4 g5 37.
Rh7+ Kg6 38. Bd3 Kf5 39. Raf7+ Kg4 40. Bxe4 Bc5+ 41. Kh1 Kxg3 42. Rf3+ Kxh4 43. Bg6 Ra2 44. Bxh5 Ra1+ 45. Kg2 Rg1+ 46. Kh2 Ra1 47. Rh3# 1-0

[Event "Early-Titled-Tuesday-Blitz-February-27-2024"]
[Site "Chess.com"]
[Date "2024.02.27"]
[Round "2"]
[White "124chess"]
[Black "Rakhmanov_Aleksandr"]
[Result "1-0"]
[WhiteElo "2513"]
[BlackElo "2860"]
[TimeControl "180+1"]
[EndTime "8:17:49 PST"]
[Termination "124chess won on time"]

1. d4 Nf6 2. Nf3 g6 3. Bf4 d6 4.
e3 Bg7 5. h3 O-O 6. Be2 Ne4 7.
Nbd2 Nxd2 8. Qxd2 Nc6 9. O-O-O a5 10. e4 a4 11. a3 Rb8 12. Bb5 Bd7 13. Bh6 e5 14. Bxg7 Kxg7 15. h4 h5 16. Bxc6 Bxc6 17. dxe5 Bxe4 18. Ng5 Bf5 19. exd6 cxd6 20. Qxd6 Rc8 21.
Qe5+ Qf6 22. Qxf6+ Kxf6 23. c3 Rfe8 24. Rhe1 Rxe1 25.
Rxe1 b5 26. Re3 Rc7 27. Nf3 Be6 28. Nd4 Bc4 29. Kd2 Kg7 30. f3 Rc5 31. g4 hxg4 32.
fxg4 Kh6 33. Ke1 f6 34. Kf2 Rc7 35. Kg3 Rf7 36. Kf4 g5+ 37. Kg3 gxh4+ 38. Kxh4 Kg6 39. Kg3 Rh7 40. Nf3 Rh1 41. Re1 Rh8 42. Re7 1-0